Map: Pylon LE

Players

ManlyManMeat - Winner!

  • Race: Terran Terran
  • League: Master
  • Spawn Location: 11:00

KappaLord

  • Race: Terran Terran
  • League: Platinum
  • Spawn Location: 5:00

VOD

Have the link to the VOD?

Description

Time

  • Played on: May 18, 2025, 1:52 a.m.
  • Length: 5:58
Show
View Real Time Build Order
Export as new Build Order

ManlyManMeat Terran - Winner!

Build Orders:  

Get SALT Encoding   

  12  0:03  SCV  
  12  0:15  SCV  
  12  0:18  Supply Depot  
  12  0:27  SCV  
  12  0:39  SCV  
  12  0:41  Barracks  
  12  0:47  Refinery  
  12  0:51  SCV  
  12  1:04  SCV  
  12  1:16  SCV  
  12  1:30  Orbital Command  
  12  1:31  Barracks Reactor  
  12  1:42  Command Center  
  12  1:56  Supply Depot  
  12  1:58  SCV  
  12  2:11  Factory  
  12  2:13  SCV, Refinery  
  12  2:22  Marine x2  
  12  2:25  SCV  
  12  2:37  SCV  
  12  2:39  Marine x2  
  12  2:49  SCV  
  12  2:54  Orbital Command  
  12  2:56  Factory Tech Lab  
  12  2:57  Marine x2  
  12  3:01  SCV  
  12  3:03  Starport  
  12  3:13  SCV  
  12  3:17  Marine x2  
  12  3:21  Siege Tank  
  12  3:25  SCV  
  12  3:27  SCV  
  12  3:34  Supply Depot  
  12  3:37  SCV, Marine x2  
  12  3:44  Viking  
  12  3:50  SCV  
  12  3:51  SCV  
  12  4:04  SCV x2  
  12  4:20  Starport Reactor  
  12  4:25  SCV x2  
  12  4:41  Starport  
  12  4:46  Starport  
  12  4:50  Factory Tech Lab  
  12  4:51  Barracks  
  12  4:53  Barracks  
  12  5:06  Barracks  
  12  5:09  Barracks  
  12  5:15  SCV x2  
  12  5:19  Refinery  
  12  5:20  Refinery, Medivac  
  12  5:27  Starport Reactor  
  12  5:36  Supply Depot  
  12  5:38  Supply Depot  
  12  5:40  SCV x2  
  12  5:54  Barracks Tech Lab  
Show
View Real Time Build Order
Export as new Build Order

KappaLord Terran 

Build Orders:  

Get SALT Encoding   

Tags
 
Matchup
TvT
Race
Terran
Spawn Locations
Cross Positions
Add a new tag
Caveats
  • Supply blocks, unpowered buildings, or Contaminate may cause inaccurate times.
  • Supply counts are checked every 10 seconds.